Map: 3 VS 7 Computes by Wargirl #69

Players

Kyron - Winner!

  • Race: Terran Terran
  • Spawn Location: 7:00

Jani - Winner!

  • Race: Zerg Zerg
  • Spawn Location: 5:00

Hindulaatti - Winner!

  • Race: Terran Terran
  • League: Gold
  • Spawn Location: 6:00

Player 4

  • Race: Protoss Protoss
  • Spawn Location: 9:00

Player 5

  • Race: Terran Terran
  • Spawn Location: 11:00

Player 6

  • Race: Protoss Protoss
  • Spawn Location: 11:00

Player 7

  • Race: Terran Terran
  • Spawn Location: 12:00

Player 8

  • Race: Protoss Protoss
  • Spawn Location: 1:00

Player 9

  • Race: Terran Terran
  • Spawn Location: 1:00

Player 10

  • Race: Protoss Protoss
  • Spawn Location: 3:00

VOD

Have the link to the VOD?

Description

Time

  • Played on: Aug. 6, 2014, 4:13 p.m.
  • Length: 4:50
Show
View Real Time Build Order
Export as new Build Order

Kyron Terran - Winner!

Build Orders:  

Get SALT Encoding   

  12  0:00  SCV x8  
  12  0:02  SCV x2  
  12  0:03  SCV  
  12  0:04  SCV x2  
  12  0:05  SCV  
  17  0:09  Unknown, SCV  
  17  0:10  SCV x2  
  17  0:11  SCV  
  17  0:12  SCV x2  
  17  0:13  Refinery, SCV  
  17  0:14  SCV  
  22  0:20  Barracks  
  27  0:22  SCV  
  27  0:23  SCV  
  27  0:24  SCV x2  
  27  0:25  SCV  
  34  0:29  SCV, Barracks  
  34  0:30  SCV  
  34  0:31  SCV x2  
  34  0:32  SCV, Barracks  
  34  0:34  SCV, Barracks  
  34  0:35  SCV x2, Barracks  
  37  0:36  SCV  
  37  0:37  SCV x2, Barracks  
  37  0:42  Barracks  
  42  0:44  Barracks  
  42  0:45  SCV  
  42  0:46  Barracks  
  42  0:48  Unknown  
  50  0:50  Unknown  
  50  0:53  Unknown  
  50  0:57  Engineering Bay  
  50  1:04  Terran Infantry Weapons Level 1  
  51  1:09  Marine  
  51  1:21  Unknown  
  51  1:23  Unknown  
  52  1:35  Unknown  
  52  1:38  Unknown  
  57  1:40  Unknown  
  57  1:42  Terran Infantry Armor Level 1, Unknown  
  57  1:43  Unknown  
  57  1:44  Unknown  
  57  1:45  Unknown  
  57  1:46  Unknown  
  66  1:47  Unknown  
  66  1:48  Unknown  
  66  1:50  Unknown  
  66  1:52  Unknown  
  66  1:53  Barracks Tech Lab, Unknown  
  74  1:58  Unknown  
  74  1:59  Unknown  
  74  2:00  Unknown  
  82  2:01  Unknown  
  82  2:03  Unknown x5  
  82  2:04  Unknown x6  
  82  2:05  Unknown x7  
  82  2:06  Unknown x7  
  82  2:07  Unknown x7  
  82  2:08  Unknown x7  
  170  2:09  Unknown x6  
  170  2:10  Unknown x8  
  170  2:11  Unknown x6  
  170  2:12  Unknown x8  
  170  2:13  Concussive Shells, Unknown x5  
  226  2:16  Barracks Tech Lab  
  226  2:19  Engineering Bay  
  226  2:26  Unknown  
  226  2:29  Unknown x2  
  242  2:30  Unknown x7  
  242  2:31  Unknown x8  
  242  2:32  Unknown x6  
  242  2:33  Unknown x5  
  242  2:34  Unknown x7  
  242  2:35  Unknown x7  
  242  2:36  Unknown x5  
  242  2:37  Unknown x7  
  332  2:38  Unknown x7  
  332  2:39  Unknown x5  
  352  2:49  Orbital Command  
  352  2:53  Unknown  
  352  2:55  Unknown  
  352  2:58  Unknown  
  352  2:59  Combat Shields  
  352  3:00  Unknown x2  
  352  3:03  Factory, Unknown x2  
  352  3:04  Unknown  
  352  3:06  Unknown  
  352  3:08  Unknown  
  350  3:40  Unknown  
  348  4:15  Unknown  
  348  4:34  Unknown  
Show
View Real Time Build Order
Export as new Build Order

Jani Zerg - Winner!

Build Orders: 3 Hatch before Pool 

Get SALT Encoding   

  12  0:00  Drone x4  
  15  0:10  Drone  
  15  0:13  Hatchery  
  15  0:14  Hatchery  
  14  0:24  Spawning Pool  
  14  0:30  Drone x2  
  14  0:39  Drone  
  14  0:42  Extractor  
  15  0:54  Zergling x10  
  21  1:11  Drone x3  
  21  1:12  Drone  
  21  1:21  Drone x3  
  21  1:23  Drone x3  
  25  1:27  Hatchery  
  25  1:28  Hatchery  
  25  1:29  Queen  
  23  1:33  Drone  
  23  1:34  Hatchery  
  23  1:38  Hatchery  
  27  1:40  Drone x5  
  30  1:50  Lair x2  
  30  1:52  Lair  
  35  1:59  Roach Warren  
  34  2:03  Drone x9  
  34  2:07  Zergling x6  
  34  2:08  Zergling x2  
  34  2:10  Zergling x2  
  34  2:11  Zergling x2  
  34  2:13  Zergling x2  
  34  2:15  Zergling x6  
  49  2:28  Roach x10  
  53  2:36  Hatchery  
  52  2:37  Hatchery  
  52  2:40  Lair  
  52  2:41  Lair x3  
  52  2:43  Hatchery  
  70  2:44  Roach x9  
  70  2:47  Hatchery  
  87  2:58  Zergling x2  
  87  3:00  Overlord x7  
  87  3:01  Overlord  
  88  3:31  Roach x13  
  88  3:32  Roach x6  
  88  3:33  Roach x3  
  88  3:34  Roach x10  
  88  3:36  Hydralisk Den  
  88  3:39  Spire  
Show
View Real Time Build Order
Export as new Build Order

Hindulaatti Terran - Winner!

Build Orders:  

Get SALT Encoding   

  12  0:00  SCV x3  
  12  0:01  SCV  
  15  0:08  Unknown  
  15  0:10  Barracks  
  15  0:12  SCV  
  16  0:15  Refinery, SCV x2  
  16  0:16  SCV  
  16  0:22  Barracks  
  16  0:26  Barracks  
  16  0:27  Barracks  
  16  0:28  Barracks  
  20  0:40  SCV  
  20  0:41  SCV  
  20  0:42  SCV  
  20  0:43  SCV  
  20  0:54  Barracks x2  
  20  0:55  Barracks  
  20  0:56  Barracks  
  24  1:14  Orbital Command  
  24  1:21  Factory x3  
  24  1:22  Factory  
  24  1:24  Unknown  
  26  1:29  SCV x2  
  26  1:30  SCV  
  26  1:31  SCV x2  
  31  1:34  Unknown  
  31  1:35  Unknown x4  
  31  1:39  Ghost Academy  
  36  1:41  Unknown  
  36  1:42  Unknown x4  
  48  1:47  Unknown  
  48  1:48  Unknown x6  
  48  1:49  Unknown x5  
  48  1:51  SCV  
  48  1:52  SCV  
  48  1:53  SCV x2  
  71  1:54  SCV  
  71  1:56  Unknown x6  
  71  1:57  Unknown x3  
  76  2:01  Unknown  
  76  2:03  Unknown x7  
  76  2:05  Unknown  
  76  2:06  Unknown  
  88  2:09  Unknown x4  
  88  2:10  Unknown x3  
  88  2:17  Unknown x3  
  88  2:18  Unknown x3  
  88  2:19  Unknown x3  
  88  2:20  Marine x9, Unknown x4  
  88  2:21  Unknown x4  
  88  2:22  Unknown x3  
  160  2:23  Unknown x4  
  160  2:24  Unknown x3  
  160  2:25  Unknown x3  
  160  2:26  Unknown x4, Marine x9  
  160  2:27  Unknown x3, SCV x2  
  160  2:28  Unknown x4  
  160  2:29  Unknown x4  
  232  2:30  Unknown x5  
  232  2:31  Marine, Unknown x3  
  232  2:32  Marine x8, Unknown x5  
  259  2:37  Marine  
  259  2:38  Marine x8  
  259  2:40  Nuke  
  259  2:43  Marine  
  259  2:44  Ghost Academy, Marine x8  
  271  2:47  Ghost Academy x2  
  271  2:49  Ghost Academy  
  300  2:59  Unknown x2  
  300  3:00  Unknown x3  
  300  3:01  Unknown x3  
  300  3:02  Unknown x4  
  300  3:03  Unknown x4  
  300  3:04  Unknown x3  
  362  3:12  Barracks Tech Lab x8  
  362  3:17  Unknown  
  362  3:18  Unknown  
Show
View Real Time Build Order
Export as new Build Order

Player 4 Protoss 

Build Orders:  

Get SALT Encoding   

  12  0:00  Probe x2  
  12  0:03  Probe  
  13  0:08  Probe  
  13  0:09  Pylon  
  13  0:12  Assimilator  
  14  0:16  Pylon  
  16  0:24  Probe  
  16  0:25  Warp Gate  
  16  0:28  Probe  
  16  0:32  Probe  
  16  0:33  Gateway  
  19  0:58  Zealot  
  19  1:23  Cybernetics Core  
  21  1:28  Zealot  
  23  1:54  Stalker  
  25  2:49  Stalker  
  27  3:22  Probe  
  27  3:27  Probe  
  27  3:32  Stalker, Probe  
  30  3:37  Probe  
  19  3:41  Probe  
Show
View Real Time Build Order
Export as new Build Order

Player 5 Terran 

Build Orders:  

Get SALT Encoding   

  1  0:00  SCV x2  
  12  0:05  SCV  
  12  0:07  Unknown  
  12  0:09  SCV  
  12  0:10  Refinery  
  14  0:15  Barracks  
  14  0:20  SCV  
  16  0:25  SCV  
  16  0:29  SCV  
  19  0:50  Marine  
  19  1:02  Orbital Command  
  20  1:08  Barracks Tech Lab  
  20  1:15  Marine  
  21  1:33  Marine  
  22  1:49  Marauder  
  22  2:07  Marauder  
  26  3:10  Marine  
  26  3:25  SCV  
  20  3:28  Marine  
  20  3:31  SCV  
  19  3:36  SCV  
  19  3:41  SCV  
Show
View Real Time Build Order
Export as new Build Order

Player 6 Protoss 

Build Orders:  

Get SALT Encoding   

  12  0:00  Probe x2  
  12  0:03  Probe  
  13  0:07  Probe  
  13  0:09  Pylon  
  13  0:12  Assimilator  
  14  0:15  Pylon  
  16  0:23  Probe, Warp Gate  
  16  0:27  Probe  
  16  0:31  Probe  
  16  0:33  Gateway  
  19  0:58  Zealot  
  19  1:21  Cybernetics Core  
  21  1:28  Zealot  
  23  2:21  Stalker  
  25  2:51  Stalker  
  27  3:31  Probe  
  27  3:40  Probe, Stalker  
  29  3:45  Probe  
Show
View Real Time Build Order
Export as new Build Order

Player 7 Terran 

Build Orders:  

Get SALT Encoding   

  1  0:00  SCV x2  
  12  0:05  SCV  
  12  0:07  Unknown  
  12  0:09  SCV  
  12  0:11  Refinery  
  14  0:15  Barracks  
  16  0:22  SCV  
  16  0:26  SCV  
  16  0:30  SCV  
  19  0:51  Marine  
  19  1:03  Orbital Command  
  20  1:10  Barracks Tech Lab  
  20  1:14  Marauder  
  22  1:33  Marine  
  23  1:51  Marine  
  23  2:06  Marauder  
  26  3:40  Marine  
  22  3:57  Marine  
  23  4:14  Marine  
  23  4:18  SCV  
  23  4:22  SCV  
  20  4:27  SCV  
  22  4:32  SCV  
  22  4:36  SCV  
Show
View Real Time Build Order
Export as new Build Order

Player 8 Protoss 

Build Orders:  

Get SALT Encoding   

  12  0:00  Probe x2  
  12  0:03  Probe  
  13  0:07  Probe  
  13  0:08  Pylon  
  13  0:11  Assimilator  
  13  0:14  Pylon  
  16  0:22  Probe, Warp Gate  
  16  0:26  Probe  
  16  0:30  Probe  
  16  0:32  Gateway  
  19  0:58  Zealot  
  19  1:20  Cybernetics Core  
  21  1:26  Zealot  
  23  2:20  Stalker  
  25  2:49  Stalker  
  27  3:54  Probe  
  27  3:56  Zealot  
  27  3:58  Probe  
  27  4:06  Probe  
  19  4:10  Probe  
  19  4:15  Probe  
Show
View Real Time Build Order
Export as new Build Order

Player 9 Terran 

Build Orders:  

Get SALT Encoding   

  1  0:00  SCV x2  
  12  0:05  SCV  
  12  0:07  Unknown  
  12  0:09  SCV  
  12  0:10  Refinery  
  14  0:16  Barracks  
  14  0:21  SCV  
  16  0:25  SCV  
  16  0:29  SCV  
  19  0:50  Marine  
  19  1:02  Orbital Command  
  20  1:09  Barracks Tech Lab  
  20  1:15  Marine  
  21  1:33  Marine  
  22  1:49  Marauder  
  22  2:07  Marauder  
  26  3:12  Marine  
  25  3:30  Marine  
  20  3:34  SCV  
  20  3:45  Marine  
  22  3:57  SCV  
  22  4:01  SCV  
  21  4:06  SCV  
Show
View Real Time Build Order
Export as new Build Order

Player 10 Protoss 

Build Orders:  

Get SALT Encoding   

  12  0:00  Probe x2  
  12  0:03  Probe  
  13  0:07  Probe  
  13  0:09  Pylon  
  13  0:12  Assimilator  
  14  0:14  Pylon  
  16  0:23  Probe, Warp Gate  
  16  0:27  Probe  
  16  0:31  Probe  
  16  0:33  Gateway  
  19  0:59  Zealot  
  19  1:22  Cybernetics Core  
  21  1:25  Zealot  
  21  1:49  Stalker  
  25  2:40  Stalker  
  27  3:33  Probe  
  27  3:34  Zealot  
  21  3:43  Probe  
  21  3:47  Probe  
  20  3:52  Probe  
Tags
 
Add a new tag
Caveats
  • Supply blocks, unpowered buildings, or Contaminate may cause inaccurate times.
  • Supply counts are checked every 10 seconds.